 Dungeon Crawl Stone Soup version 0.30.1-11-g7821555f0a (webtiles) character file.

Game seed: 16315758705860451816

44 AppTheSpectato the Shooter (level 3, 0/31 HPs)
             Began as a Minotaur Hunter on Nov 1, 2023.
             Shot with a sling bullet by a goblin (5 damage)
             ... led by Robin
             ... on level 2 of the Dungeon.
             The game lasted 00:03:15 (713 turns).

AppTheSpectato the Shooter (Minotaur Hunter)         Turns: 713, Time: 00:03:15

Health: 0/31       AC:  3    Str: 15    XL:     3   Next: 41%
Magic:  2/2        EV: 12    Int:  6    God:
Gold:   83         SH:  0    Dex: 15    Spells: 2/2 levels left

rFire   . . .        a - +0 shortbow
rCold   . . .        (shield currently unavailable)
rNeg    . . .        c - +0 leather armour
rPois   .            (helmet restricted)
rElec   .            (no cloak)
rCorr   .            (no gloves)
SInv    .            (no boots)
Will    .....        (no amulet)
Stlth   +            (no ring)
HPRegen 0.25/turn    (no ring)
MPRegen 0.08/turn

%: no passive effects
@: no status effects
A: horns 2, retaliatory headbutt
a: no special abilities


You were on level 2 of the Dungeon.
You visited 1 branch of the dungeon, and saw 2 of its levels.

You collected 83 gold pieces.

Inventory:

Hand Weapons
 a - a +0 shortbow (weapon)
Armour
 c - a +0 leather armour (worn)
Jewellery
 f - an amulet of faith
Scrolls
 b - 2 scrolls of immolation
 e - a scroll of identify
 g - a scroll of vulnerability {unknown}
 h - 2 scrolls of teleportation {unknown}
 l - a scroll of noise {unknown}
Potions
 d - 2 potions of haste {unknown}
 i - 3 potions of curing
 j - a potion of heal wounds {unknown}
 k - a potion of brilliance {unknown}


   Skills:
 + Level 3.3 Fighting
 + Level 4.9 Ranged Weapons
 + Level 3.0 Dodging
 - Level 1.0 Stealth


You had 2 spell levels left.
You didn't know any spells.
Your spell library was empty.

Dungeon Overview and Level Annotations

Branches:
Dungeon (2/15)

Altars:

Shops:
D:1 *!*=

Annotations:
D:2 Robin


Innate Abilities, Weirdness & Mutations

You have a pair of horns on your head.
You reflexively headbutt those who attack you in melee.


Message History

The grasping roots grab you! The grasping roots constrict you.
Robin hits you but does no damage. The grasping roots constrict you.
The goblin shouts!
You hear a shout!
You escape the roots grasp.
Things that are here:
a +0 club; a goblin corpse The goblin unwields a +0 dagger.
The goblin wields a +0 sling.
The goblin shoots a sling bullet.
The sling bullet closely misses you.
Robin zaps a wand.
The roots erupt in riotous growth!
The grasping roots grab you! The grasping roots constrict you.
You escape the roots grasp.
Robin zaps a wand.
The roots erupt in riotous growth!
The grasping roots grab you! The grasping roots constrict you.
You escape the roots grasp.
Robin zaps a wand.
The roots erupt in riotous growth!
The grasping roots grab you! The grasping roots constrict you.
* * * LOW HITPOINT WARNING * * *
You escape the roots grasp.
Robin throws the goblin at you!
The goblin unwields a +0 sling.
The goblin wields a +0 dagger.
The goblin hits you with a +0 dagger.
* * * LOW HITPOINT WARNING * * *
The goblin no longer looks unusually strong.
The goblin hits you but does no damage.
Robin roars a battlecry!
The goblin goes into a battle-frenzy!
The goblin attacks as you move away! The goblin barely misses you.
The goblin no longer looks unusually strong.
The goblin unwields a +0 dagger.
The goblin wields a +0 sling.
The goblin shoots a sling bullet.
The sling bullet hits you.
* * * LOW HITPOINT WARNING * * *
Robin throws the goblin at you! The goblin closely misses you.
As you read the scroll labelled OQUEH KATS, it crumbles to dust.
It is a scroll of identify.
i - 3 potions of curing The goblin shoots a sling bullet.
The sling bullet hits you.
You die...

#.##.†.#########.# .
#.####...........### ..
#.##########.......#.#
#..#...........##....##
#.....†........#......
#...............#..##.
##......†........#.....###### ##
#>..........†....#.# ...[..# #.
#.............g@.#.#####.##.###.
#.....)..............g....).....
#..............g.^.########..##.
###.................# ##...g
##.....#..........# ####g
#######..........# ##
#..........# #.........(#
##........##


You could see Robin and 2 goblins.

Vanquished Creatures
  An adder (D:2)
  A worm (D:2)
  An endoplasm (D:1)
  2 giant cockroaches (D:1)
  6 goblins
  3 hobgoblins
  2 kobolds (D:1)
  3 quokkas (D:1)
  4 ball pythons
  A bat (D:1)
  3 frilled lizards (D:1)
  4 rats
31 creatures vanquished.

Notes
Turn   | Place    | Note
-------+----------+-------------------------------------------
     0 | D:1      | AppTheSpectato the Minotaur Hunter began the quest for the
                  | Orb.
     0 | D:1      | Reached XP level 1. HP: 18/18 MP: 0/0
    44 | D:1      | Reached skill level 1 in Stealth
    52 | D:1      | Found Damudur's Jewellery Emporium.
   100 | D:1      | Reached XP level 2. HP: 25/25 MP: 1/1
   338 | D:1      | Found Haabrura's Distillery.
   346 | D:1      | Found Puh Xoex's General Store.
   389 | D:1      | Found Ybacycoqadd's Assorted Antiques.
   538 | D:2      | Noticed Robin
   595 | D:2      | Reached XP level 3. HP: 28/31 MP: 2/2
   713 | D:2      | Shot with a sling bullet by a goblin

Illustrated notes

Levels and vault maps discovered:
D:1:      dpeg_arrival_arbitrary_b, layout_rooms, serial_shops,
          nicolae_shop_window_shopping, nicolae_shop_industrial_runoff, shop,
          shop
D:2:      layout_rooms, uniq_robin

Skill      XL: |  1  2  3 |
---------------+----------+-----
Stealth        | 1 |  1.0
Fighting       | 3 |  3.3
Dodging        | 3 |  3.0
Ranged Weapons | |  4.9

Action                     || total
---------------------------++-------
   Fire: Shortbow          ||    79
    Use: Scroll            ||     1
 Armour: Leather armour    ||     7
  Dodge: Dodged            ||    16
